 Dungeon Crawl Stone Soup version 0.22.1-5-g62c59d9 (webtiles) character file.

54 Kairos the Skirmisher (level 3, -4/20 HPs)
             Began as a Vine Stalker Fighter on Jan 15, 2019.
             Slain by Crazy Yiuf
             ... wielding a +3 quarterstaff of chaos
              (6 damage)
             ... on level 2 of the Dungeon.
             The game lasted 00:03:16 (1366 turns).

Kairos the Skirmisher (Vine Stalker Fighter)        Turns: 1366, Time: 00:03:18

Health: -4/20      AC:  6    Str: 24    XL:     3   Next: 91%
Magic:  0/4        EV:  7    Int:  8    God:
Gold:   117        SH:  9    Dex: 13    Spells: 2/2 levels left

rFire    . . .     SeeInvis .   a - +0 war axe
rCold    . . .     Gourm    .   c - +0 shield
rNeg     . . .     Faith    .   b - +0 scale mail
rPois    .         Spirit   +   (no helmet)
rElec    .         Reflect  .   (no cloak)
rCorr    .         Harm     .   (no gloves)
MR       .....                  (no boots)
Stlth    ..........             e - amulet of regeneration
HPRegen  0.46/turn              (no ring)
MPRegen  0.09/turn              (no ring)

@: mighty, lethally poisoned (-4 -> -9)
A: fangs 2, magic shield, antimagic bite, no potion heal 3, rot immunity
a: no special abilities


You were on level 2 of the Dungeon.
You were hungry.

You visited 1 branch of the dungeon, and saw 2 of its levels.

You collected 117 gold pieces.

Inventory:

Hand Weapons
 a - a +0 war axe (weapon)
Armour
 b - a +0 scale mail (worn)
 c - a +0 shield (worn)
Jewellery
 e - an amulet of regeneration (around neck)
Scrolls
 h - a scroll of immolation {unknown}
 k - a scroll of identify {unknown}
Potions
 g - a potion of ambrosia {unknown}
 i - a potion of agility {unknown}
 j - 2 potions of resistance {unknown}
 l - a potion of curing {unknown}
Comestibles
 f - 3 rations


   Skills:
 + Level 3.2 Fighting
 + Level 2.2 Axes
 + Level 2.8 Armour
 + Level 0.1 Dodging
 + Level 3.1 Shields


You had 2 spell levels left.
You didn't know any spells.
Your spell library was empty.

Dungeon Overview and Level Annotations

Branches:
Dungeon (2/15)

Altars:
Trog

Annotations:
D:2 Crazy Yiuf


Innate Abilities, Weirdness & Mutations

You have extremely sharp teeth.
When hurt, damage is shared between your health and your magic reserves.
Your bite disrupts and absorbs the magic of your enemies.
Potions cannot restore your health.
You are immune to rotting.


Message History

Crazy Yiuf hits you with a quarterstaff of chaos!
Ouch! That really hurt!
You are lethally poisoned!
You hit Crazy Yiuf but do no damage.
* * * LOW HITPOINT WARNING * * *
You feel very sick. Crazy Yiuf closely misses you.
Crazy Yiuf hits you with a quarterstaff of chaos.
* * * LOW HITPOINT WARNING * * *
Crazy Yiuf freezes you.
* * * LOW HITPOINT WARNING * * *
You feel very mighty all of a sudden.
* * * LOW HITPOINT WARNING * * *
You feel sick. You block Crazy Yiuf's attack.
You barely miss Crazy Yiuf. You bite Crazy Yiuf. You drain his power.
You feel invigorated.
Crazy Yiuf is moderately wounded.
* * * LOW HITPOINT WARNING * * *
You feel sick.
Crazy Yiuf hits you with a quarterstaff of chaos!
You die...

#.........#######...........#
#.........#.................###
#.........'....................
#####################.......###
##### #.......### #...#
#.......... ####...##♣♣ ####
#.......##. #..'.....P♣♣ ♣♣#..)#
#.......(#. #.##...)..P♣♣♣♣.@g..#
##'##.#..#. #.####...P♣.♣..♣#...#
##....#..#. ...........♣.♣♣♣ ####
#.......... .>.....##♣♣♣♣♣
#..##...... .......# #..##.##..#
.......################..##.##...
.......#.........#.#........###.#
.......#.........#.########.....#
....._...........#..# #.#####


You could see Crazy Yiuf.

Vanquished Creatures
  An ooze (D:1)
  A dart slug (D:2)
  A leopard gecko (D:1)
  3 giant cockroaches
  2 goblins (D:1)
  7 hobgoblins
  10 jackals (D:1)
  3 kobolds (D:1)
  A quokka (D:2)
  A ball python (D:1)
  5 bats
  3 frilled lizards (D:1)
  2 rats (D:1)
  2 fungi (D:2)
42 creatures vanquished.

Notes
Turn   | Place    | Note
-------+----------+-------------------------------------------
     0 | D:1      | Kairos the Vine Stalker Fighter began the quest for the
                  | Orb.
     0 | D:1      | Reached XP level 1. HP: 11/11 MP: 2/2
    70 | D:1      | Reached XP level 2. HP: 16/16 MP: 3/3
   289 | D:1      | Reached XP level 3. HP: 16/20 MP: 4/4
  1117 | D:2      | Found a bloodstained altar of Trog.
  1356 | D:2      | Found a runed door.
  1360 | D:2      | Noticed Crazy Yiuf
  1366 | D:2      | Slain by Crazy Yiuf

Skill      XL: |  1  2 |
---------------+-------+-----
Fighting       | 3 |  3.2
Axes           | 2 |  2.2
Shields        | 3 |  3.1
Armour         | |  2.8
Dodging        | |  0.1

Action                   || total
-------------------------++-------
Melee: War axe           ||    96
       Bite              ||    30
  Use: Scroll            ||     1
       Potion            ||     1
  Eat: Chunk             ||     1
Armor: Scale mail        ||    41
Dodge: Dodged            ||    24
Block: Shield            ||    50
